 Dungeon Crawl Stone Soup version 0.23.2-1-ga50397a (webtiles) character file.

Game seed: 6730818692855655323

6644 stormannn the Fighter (level 11, -8/73 HPs)
             Began as a Gargoyle Fighter on May 8, 2019.
             Was a Priest of Okawaru.
             Killed by refrigeration
             ... invoked by Fannar
              (19 damage)
             ... on level 10 of the Dungeon.
             The game lasted 00:18:14 (8853 turns).

stormannn the Fighter (Gargoyle Fighter)            Turns: 8853, Time: 00:18:16

Health: -8/73      AC: 19    Str: 25    XL:     11   Next: 2%
Magic:  0/11       EV: 16    Int: 10    God:    Okawaru [***...]
Gold:   585        SH: 18    Dex:  9    Spells: 10/10 levels left

rFire    + + .     SeeInvis .   A - +5 scimitar
rCold    . . .     Gourm    .   c - +0 shield
rNeg     + . .     Faith    .   b - +0 scale mail
rPois    ∞         Spirit   +   a - +0 helmet
rElec    +         Reflect  +   i - scarf {Spirit}
rCorr    +         Harm     .   (no gloves)
MR       .....                  (no boots)
Stlth    +.........             z - +5 amulet of reflection
HPRegen  0.22/turn              u - +3 ring of strength
MPRegen  0.12/turn              m - ring of fire

@: resistant, heroism
A: negative energy resistance 1, electricity resistance, unbreathing,
petrification resistance, rot immunity, AC +8
a: Heroism, Renounce Religion


You were on level 10 of the Dungeon.
You worshipped Okawaru.
Okawaru was most pleased with you.
You were not hungry.

You visited 2 branches of the dungeon, and saw 11 of its levels.

You collected 585 gold pieces.

Inventory:

Hand Weapons
 y - the +9 halberd of Crystal {speed, +Rage}
   (You found it on level 6 of the Dungeon)

   Attacks with this weapon are significantly faster.
   It lets you go berserk.
 A - a +5 scimitar (weapon)
Armour
 a - a +0 helmet (worn)
 b - a +0 scale mail (worn)
 c - a +0 shield (worn)
 i - a scarf of spirit shield (worn)
Jewellery
 m - a ring of fire (right hand)
 u - a +3 ring of strength (left hand)
 z - a +5 amulet of reflection (around neck)
Wands
 q - a wand of flame (19)
 B - a wand of polymorph (8)
 C - a wand of digging (4)
 G - a wand of acid (9)
Scrolls
 h - 10 scrolls of remove curse
 j - 3 scrolls of teleportation {unknown}
 n - a scroll of identify
 r - 2 scrolls of amnesia {unknown}
 s - 3 scrolls of enchant weapon {unknown}
 v - a scroll of magic mapping {unknown}
 x - a scroll of blinking {unknown}
Potions
 d - a potion of might
 e - 3 potions of agility
 k - 8 potions of curing
 l - 3 potions of flight
 o - a potion of berserk rage
 p - 2 potions of brilliance
 t - 2 potions of heal wounds
 w - 2 potions of mutation
 F - a potion of magic
Comestibles
 f - 14 rations
 g - 5 chunks of flesh


   Skills:
 * Level 10.8(15.8) Fighting
   Level 2.0(7.0) Maces & Flails
 + Level 8.1(13.1) Armour
 * Level 7.9(12.9) Dodging
 + Level 8.1(13.1) Shields


You had 10 spell levels left.
You didn't know any spells.
Your spell library contained the following spells:

 Spells                   Type           Power        Failure   Level  Hunger
 Animate Skeleton         Necr           N/A          67%         1    ##.....
 Apportation              Tloc           #.....       67%         1    ##.....
 Confusing Touch          Hex            #.....       67%         1    ##.....
 Corona                   Hex            #......      67%         1    ##.....
 Sandblast                Erth           #.....       67%         1    ##.....
 Shock                    Conj/Air       #...         67%         1    ##.....
 Summon Small Mammal      Summ           #...         67%         1    ##.....
 Passwall                 Tmut/Erth      #.......     80%         2    ###....
 Slow                     Hex            #.......     80%         2    ###....
 Swiftness                Chrm/Air       #.......     80%         2    ###....
 Inner Flame              Hex/Fire       #.......     95%         3    ####...
 Portal Projectile        Hex/Tloc       #.....       95%         3    ####...
 Static Discharge         Conj/Air       #.......     95%         3    ####...
 Stone Arrow              Conj/Erth      #.....       95%         3    ####...
 Airstrike                Air            #.........   100%        4    #####..
 Cause Fear               Hex            #.........   100%        4    #####..
 Leda's Liquefaction      Hex/Erth       #.........   100%        4    #####..
 Petrify                  Tmut/Erth      #.......     100%        4    #####..
 Lee's Rapid Deconstruct  Erth           #.........   100%        5    ######.
 Lightning Bolt           Conj/Air       #.........   100%        5    ######.


Dungeon Overview and Level Annotations

Branches:
Dungeon (10/15)            Temple (1/1) D:7
   Lair: D:8-11         Orc: D:9-12

Altars:
Ashenzari
Cheibriados
Dithmenos
Elyvilon
Fedhas
Gozag
Hepliaklqana
Kikubaaqudgha
Makhleb
Nemelex Xobeh
Okawaru
Qazlal
Ru
Sif Muna
Trog
Uskayaw
Vehumet
Wu Jian
Xom
Yredelemnul
Zin
The Shining One

Shops:
D:4 ?

Annotations:
D:5 2 runed translucent doors
D:10 Fannar


Innate Abilities, Weirdness & Mutations

You are resistant to torment.
Your stone body is resilient. (AC +8)
You are immune to poison.
You resist negative energy. (rN+)
You are resistant to electric shocks. (rElec)
You can survive without breathing.
You are immune to petrification.
You are immune to rotting.


Message History

The ice beast is moderately wounded.
Fannar murmurs some mystic words to himself.
Fannar casts a spell at you.
The bolt of cold hits the ice beast.
The ice beast completely resists.
The bolt of cold hits you!!
* * * LOW HITPOINT WARNING * * *
You hit the ice beast.
The ice beast is almost dead.
The ice beast hits you but does no damage.
A wight comes into view. It is wielding a +2 short sword.
You block the ice beast's attack.
The ice beast hits you but does no damage. x3
Unknown command.
You hit the ice beast.
You kill the ice beast!
You block the ice beast's attack.
Fannar gestures wildly while chanting.
Fannar drains the heat from the surrounding environment!
You feel very cold.
You die...

#.........
#.....z..
#.......
#......
#...z. #.ze#
#Y.## #@.#
##Y## #..#
##.## #..#
#..## # ####
##..#####...
...##
#.........#
....##
##....####


You could see Fannar, 2 ice beasts and 3 wights.

Vanquished Creatures
  A two-headed ogre (D:8)
  2 hippogriffs
  Sigmund (D:2)
  4 hogs (D:8)
  A human (D:8)
  A wyvern (D:10)
  4 orc warriors
  4 black bears
  3 ice beasts
  2 sky beasts
  2 phantoms (D:6)
  An eye of draining (D:10)
  3 ogres
  3 centaurs (D:6)
  Blork the orc (D:9)
  A big kobold (D:8)
  2 gnoll sergeants (D:9)
  5 bullfrogs
  A wyvern skeleton (D:6)
  A scorpion (D:6)
  A water moccasin skeleton (D:7)
  6 wights
  2 howler monkeys
  A centaur zombie (D:5)
  8 crimson imps
  A bullfrog zombie (D:5)
  2 bullfrog skeletons
  3 jellies
  5 orc priests
  A centaur skeleton (D:7)
  9 hounds
  9 orc wizards
  Jessica (D:2)
  3 iguanas
  8 worker ants
  A hound zombie (D:7)
  2 hound skeletons
  3 gnolls (D:6)
  7 adders
  A shadow imp (D:7)
  2 oozes
  An adder zombie (D:8)
  An adder skeleton (D:5)
  3 worms
  2 dart slugs (D:3)
  4 leopard geckos
  38 orcs
  6 bats
  5 giant cockroaches
  3 goblins
  10 hobgoblins
  11 jackals
  10 kobolds
  6 quokkas
  A frilled lizard (D:2)
  A leopard gecko skeleton (D:7)
  8 rats
229 creatures vanquished.

Vanquished Creatures (others)
  A kobold (D:8)
1 creature vanquished.

Grand Total: 230 creatures vanquished

Notes
Turn   | Place    | Note
-------+----------+-------------------------------------------
     0 | D:1      | stormannn the Gargoyle Fighter began the quest for the Orb.
     0 | D:1      | Reached XP level 1. HP: 14/14 MP: 1/1
    90 | D:1      | Reached XP level 2. HP: 19/19 MP: 2/2
   761 | D:2      | Noticed a howler monkey
   777 | D:2      | Killed a howler monkey
   777 | D:2      | Reached skill level 4 in Fighting
   777 | D:2      | Reached skill level 1 in Dodging
   777 | D:2      | Reached XP level 3. HP: 17/24 MP: 3/3
   777 | D:2      | Reached XP level 4. HP: 21/29 MP: 4/4
   834 | D:2      | Noticed Jessica
   841 | D:2      | Killed Jessica
  1027 | D:2      | You fall through a shaft!
  1046 | D:3      | Found a stormy altar of Qazlal.
  1313 | D:2      | Reached XP level 5. HP: 33/34 MP: 5/5
  1486 | D:2      | Found a snail-covered altar of Cheibriados.
  1650 | D:2      | Noticed Sigmund
  1662 | D:2      | Killed Sigmund
  1662 | D:2      | Reached skill level 5 in Fighting
  1662 | D:2      | Reached XP level 6. HP: 16/40 MP: 3/6
  2344 | D:3      | Found a deep blue altar of Sif Muna.
  2746 | D:4      | Found Uterywn's Magic Scroll Shop.
  2800 | D:4      | Reached XP level 7. HP: 44/44 MP: 7/7
  3266 | D:4      | Reached skill level 6 in Fighting
  3535 | D:4      | Reached skill level 5 in Armour
  3571 | D:5      | Entered Level 5 of the Dungeon
  3629 | D:5      | Found a shimmering altar of Xom.
  3630 | D:5      | Found a burning altar of Makhleb.
  3756 | D:5      | Reached skill level 5 in Shields
  3850 | D:5      | Reached XP level 8. HP: 41/52 MP: 6/8
  3852 | D:5      | Found a runed translucent door.
  3853 | D:5      | Found a runed translucent door.
  3901 | D:5      | Found an opulent altar of Gozag.
  4382 | D:6      | Reached skill level 7 in Fighting
  4461 | D:6      | Found a shattered altar of Ashenzari.
  4469 | D:6      | Got a faintly glowing halberd
  4475 | D:6      | Identified the +9 halberd of Crystal {speed, +Rage} (You
                  | found it on level 6 of the Dungeon)
  4847 | D:6      | Reached skill level 5 in Dodging
  4860 | D:6      | Reached XP level 9. HP: 42/59 MP: 9/9
  4870 | D:6      | Reached skill level 8 in Fighting
  5351 | D:6      | Found a basalt altar of Yredelemnul.
  5845 | D:7      | Found a staircase to the Ecumenical Temple.
  5864 | Temple   | Entered the Ecumenical Temple
  6058 | Temple   | Became a worshipper of Warmaster Okawaru
  6138 | D:7      | Reached skill level 9 in Fighting
  6459 | D:7      | Reached * piety under Okawaru
  6523 | D:7      | Reached XP level 10. HP: 66/66 MP: 10/10
  6655 | D:7      | Got a tattered robe
  6676 | D:7      | Identified the +1 robe "Viwn" {*Slow rPois Regen+ MP+9}
                  | (You found it on level 7 of the Dungeon)
  6976 | D:8      | Found a glowing golden altar of the Shining One.
  7059 | D:8      | Noticed a two-headed ogre
  7063 | D:8      | Killed a two-headed ogre
  7082 | D:8      | Found a glowing silver altar of Zin.
  7178 | D:8      | Found a bloodstained altar of Trog.
  7271 | D:8      | Reached skill level 10 in Fighting
  7281 | D:8      | Reached ** piety under Okawaru
  8117 | D:9      | Noticed Blork the orc
  8147 | D:9      | Killed Blork the orc
  8575 | D:10     | Entered Level 10 of the Dungeon
  8583 | D:10     | Reached *** piety under Okawaru
  8583 | D:10     | Reached XP level 11. HP: 49/73 MP: 6/11
  8834 | D:10     | Noticed Fannar
  8853 | D:10     | Killed from afar by Fannar

Skill      XL: |  1  2  3  4  5  6  7  8  9 10 |
---------------+-------------------------------+-----
Fighting       | 4 5 6 7 9 10 | 10.8
Dodging        | 1 2 3 4 5 6 7 |  7.9
Armour         | 4 5 6 7 8 |  8.1
Shields        | 4 5 6 8 |  8.1
Maces & Flails | |  2.0

Action                   |  1- 3 |  4- 6 |  7- 9 | 10-12 || total
-------------------------+-------+-------+-------+-------++-------
Melee: Flail             |    82 |   210 |       |       ||   292
       War axe           |       |    35 |   152 |       ||   187
       Halberd           |       |       |    92 |       ||    92
       Scimitar          |       |       |   171 |   267 ||   438
Invok: Heroism           |       |       |       |     2 ||     2
  Use: Potion            |       |     1 |       |     2 ||     3
       Scroll            |       |       |       |    10 ||    10
 Stab: Invisible         |       |       |     2 |       ||     2
  Eat: Chunk             |       |     7 |    13 |     8 ||    28
Armor: Scale mail        |    41 |   125 |   195 |   129 ||   490
Dodge: Dodged            |    25 |   103 |   165 |   110 ||   403
Block: Shield            |    45 |   142 |   263 |   301 ||   751
       Other             |       |       |    13 |       ||    13
       Reflection        |       |       |     4 |     5 ||     9
       Rpst.: Scimitar   |       |       |    22 |    29 ||    51
